 Dungeon Crawl Stone Soup version 0.30-a0-779-g7971cf19c3 (webtiles) character file.

Game seed: 3521963185999299323

510 kae the Digger (level 7, 0/36 HPs)
             Began as a Gargoyle Earth Elementalist on Feb 17, 2023.
             Slain by an orc
             ... wielding a +0 hand axe
              (1 damage)
             ... on level 4 of the Dungeon.
             The game lasted 00:03:12 (3167 turns).

kae the Digger (Gargoyle Earth Elementalist)        Turns: 3167, Time: 00:03:13

Health: 0/36       AC:  7    Str: 12    XL:     7   Next: 19%
Magic:  5/13       EV: 11    Int: 17    God:
Gold:   220        SH:  0    Dex: 10    Spells: 2/15 levels left

rFire   . . .      SeeInvis .    (no weapon)
rCold   . . .      Faith    .    (no shield)
rNeg    + . .      Spirit   .    a - +1 robe
rPois   ∞          Reflect  .    (no helmet)
rElec   +          Harm     .    (no cloak)
rCorr   .          Rampage  .    (no gloves)
Will    .....                    (no boots)
Stlth   ++                       (no amulet)
HPRegen 0.26/turn                (no ring)
MPRegen 0.13/turn                (no ring)

@: brilliant
A: sickness immunity, AC +4, negative energy resistance 1, electricity
resistance, torment resistance 1, petrification resistance
a: no special abilities


You were on level 4 of the Dungeon.
You visited 1 branch of the dungeon, and saw 4 of its levels.

You collected 220 gold pieces.


Innate Abilities, Weirdness & Mutations

You are immune to sickness and miasma.
Your stone body is resilient. (AC +4)
You are immune to poison.
You resist negative energy. (rN+)
You are resistant to electric shocks. (rElec)
You are resistant to unholy torment.
You are immune to petrification.


   Skills:
 - Level 1.5 Dodging
 - Level 2.1 Stealth
 + Level 4.5 Spellcasting
 + Level 3.8 Conjurations
 - Level 0.7 Transmutations
 + Level 6.4 Earth Magic


You had 2 spell levels left.
You knew the following spells:

 Your Spells              Type           Power      Damage    Failure   Level
a - Sandblast             Erth           76%        2d16      1%          1
b - Stone Arrow           Conj/Erth      64%        3d11      5%          3
c - Passwall              Tmut/Erth      20%        N/A       5%          2
d - Spider Form           Tmut/Pois      7%         N/A       36%         3
e - Petrify               Tmut/Erth      24%        N/A       34%         4

Your spell library contained the following spells:

 Spells                   Type           Power      Damage    Failure   Level
 Shock                    Conj/Air       60%        1d6       7%          1
 Ensorcelled Hibernation  Hex/Ice        10%        N/A       22%         2
 Swiftness                Air            5%         N/A       41%         3
 Airstrike                Air            2%         2d(1-17)  83%         4
 Anguish                  Hex/Necr       2%         N/A       83%         4

Inventory:

Missiles
 d - 2 poisoned darts
 g - 10 stones
 h - 3 atropa-tipped darts
Armour
 a - a +1 robe (worn)
Scrolls
 c - 2 scrolls of fog
 l - a scroll of immolation {!r!r}
 n - a scroll of teleportation {@r4}
Potions
 b - 3 potions of magic
 e - 2 potions of cancellation
 f - a potion of brilliance
 i - a potion of attraction {unknown}
 j - a potion of lignification {unknown}
 k - a potion of curing {unknown}

Dungeon Overview and Level Annotations

Branches:
Dungeon (4/15) Zot: 20756
 Temple: D:4-7

Altars:
Kikubaaqudgha

.#...#........#.........
.....#.########.........
.###.#........#.########
.# #.########.#.#
.###.#...))...#.#
...>.#.########.#
.###.o...)......########
######..###............#
........# ##..#)@).....#
......### ##.#oo)......
.####...## #.#........#
....###..# # #........#
....# ##.# #........#
....# #.# #........#
....####.####.####'#####
....'.........# ..
####.#...#.####


You could see an orc priest and an orc.


Message History

You take 2 damage, and now have 34/36 hp.
You lost 1 mp, and now have 11/13 mp.
Casting: Sandblast (safe; 1% risk of failure)
Confirm with . or Enter, or press ? or * to list all spells.
Aiming: Sandblast (safe; 1% risk of failure)
Press: ? - help, Shift-Dir - straight line, f/p - orc
Aim: an orc, wielding a +0 club (heavily wounded, 83% to hit)
The blast of sand hits the orc!
You kill the orc!
The orc wizard hits you with a +0 dagger. 😕 HP[-2] MP[-1]
You take 2 damage, and now have 32/36 hp.
You lost 1 mp, and now have 10/13 mp.
Casting: Sandblast (safe; 1% risk of failure)
Confirm with . or Enter, or press ? or * to list all spells.
Aiming: Sandblast (safe; 1% risk of failure)
Press: ? - help, Shift-Dir - straight line, f - orc wizard
Aim: an orc wizard, wielding a +0 dagger and wearing a +0 robe (79% to hit)
The blast of sand hits the orc wizard.
The orc wizard closely misses you.
The orc priest mumbles some strange prayers to Beogh against you.
Beogh smites you!
The orc wizard points at you and mumbles some strange words.
The puff of flame hits you.
* * * LOW HITPOINT WARNING * * *
😨 HP[-17] MP[-1]
You take 17 damage, and now have 15/36 hp.
MASSIVE DAMAGE!! (PAUSE)
You lost 1 mp, and now have 9/13 mp.
Casting: Sandblast (safe; 1% risk of failure)
Confirm with . or Enter, or press ? or * to list all spells.
Aiming: Sandblast (safe; 1% risk of failure)
Press: ? - help, Shift-Dir - straight line, f/p - orc wizard
Aim: an orc wizard, wielding a +0 dagger and wearing a +0 robe (lightly wounded, 79% to hit)
The blast of sand hits the orc wizard.
The orc hits you but does no damage.
The orc wizard hits you with a +0 dagger.
* * * LOW HITPOINT WARNING * * *
😨 HP[-4] MP[-1]
You take 4 damage, and now have 11/36 hp.
You lost 1 mp, and now have 8/13 mp.
Casting: Sandblast (safe; 1% risk of failure)
Confirm with . or Enter, or press ? or * to list all spells.
Aiming: Sandblast (safe; 1% risk of failure)
Press: ? - help, Shift-Dir - straight line, f/p - orc wizard
Aim: an orc wizard, wielding a +0 dagger and wearing a +0 robe (heavily wounded, 79% to hit)
The blast of sand hits the orc wizard!
You kill the orc wizard!
The orc hits you but does no damage. The orc misses you. 😨 HP[+1]
Casting: Sandblast (safe; 1% risk of failure)
Confirm with . or Enter, or press ? or * to list all spells.
Aiming: Sandblast (safe; 1% risk of failure)
Press: ? - help, Shift-Dir - straight line, f - orc
Aim: an orc, wielding a +0 dagger (83% to hit)
The blast of sand hits the orc!
You kill the orc! 😨 MP[-1]
You lost 1 mp, and now have 7/13 mp.
Unknown command.
Casting: Sandblast (safe; 1% risk of failure)
Confirm with . or Enter, or press ? or * to list all spells.
Aiming: Sandblast (safe; 1% risk of failure)
Press: ? - help, Shift-Dir - straight line, f - orc
Aim: an orc, wielding a +0 club and wearing a +0 ring mail (85% to hit)
The blast of sand hits the orc.
The orc priest looks braver for a moment.
The orc closely misses you.
The orc priest miscasts a cantrip.
The orc hits you but does no damage. The orc barely misses you. 😨 MP[-1]
You lost 1 mp, and now have 6/13 mp.
Casting: Sandblast (safe; 1% risk of failure)
Confirm with . or Enter, or press ? or * to list all spells.
Aiming: Sandblast (safe; 1% risk of failure)
Press: ? - help, Shift-Dir - straight line, f/p - orc
Aim: an orc, wielding a +0 club and wearing a +0 ring mail (almost dead, 85% to hit)
The blast of sand hits the orc!
You kill the orc!
The orc hits you but does no damage.
The orc priest closely misses you. 😨 HP[+1] MP[-1]
You lost 1 mp, and now have 5/13 mp.
Casting: Sandblast (safe; 1% risk of failure)
Confirm with . or Enter, or press ? or * to list all spells.
Aiming: Sandblast (safe; 1% risk of failure)
Press: ? - help, Shift-Dir - straight line, f - orc priest
Aim: an orc priest, wielding a +0 flail (83% to hit)
The blast of sand misses the orc priest.
The orc hits you but does no damage.
The orc priest hits you but does no damage.
The orc hits you with a +0 hand axe.
* * * LOW HITPOINT WARNING * * *
The orc priest hits you with a +0 flail!
* * * LOW HITPOINT WARNING * * *
😱 HP[-12] MP[-1]
You take 12 damage, and now have 1/36 hp.
MASSIVE DAMAGE!! (PAUSE)
You lost 1 mp, and now have 4/13 mp.
It was a potion of brilliance.
You feel clever all of a sudden. The orc hits you with a +0 hand axe.
You die...

Skill      XL: |  1  2  3  4  5  6 |
---------------+-------------------+-----
Earth Magic    | 4 5 6 |  6.4
Spellcasting   | 3 4 |  4.5
Conjurations   | 1 2 3 |  3.8
Dodging        | |  1.5
Stealth        | |  2.1
Transmutations | |  0.7

Action                     |  1- 3 |  4- 6 |  7- 9 || total
---------------------------+-------+-------+-------++-------
  Melee: Unarmed           |    25 |     2 |       ||    27
   Cast: Sandblast         |    37 |    91 |    19 ||   147
    Use: Scroll            |     2 |     4 |       ||     6
         Potion            |       |       |     1 ||     1
 Armour: Robe              |    30 |    32 |     7 ||    69
  Dodge: Dodged            |    36 |    59 |     6 ||   101

Levels and vault maps discovered:
D:1:      eino_arrival_cavern_e, layout_basic
D:2:      layout_basic, basic_altar, minmay_surrounded
D:3:      layout_rooms, nicolae_ecumenical_snake_handling
D:4:      layout_basic, nicolae_hepliaklqana_hazy_memory, minivault_27,
          minmay_increasing_density

Notes
Turn   | Place    | Note
-------+----------+-------------------------------------------
     0 | D:1      | kae the Gargoyle Earth Elementalist began the quest for the
                  | Orb.
     0 | D:1      | Reached XP level 1. HP: 10/10 MP: 3/3
     0 | D:1      | magus.rc [v1.11.3]
   284 | D:1      | Reached skill level 4 in Earth Magic
   284 | D:1      | Reached XP level 2. HP: 15/15 MP: 3/5
   874 | D:2      | Reached XP level 3. HP: 18/19 MP: 4/7
   892 | D:2      | You pick up a book of Dreams and begin reading...
   892 | D:2      | You add the spells Ensorcelled Hibernation, Spider Form and
                  | Anguish to your library.
  1002 | D:2      | Learned a level 3 spell: Stone Arrow
  1005 | D:2      | Learned a level 2 spell: Passwall
  1056 | D:2      | You fall into a shaft and drop 2 floors!
  1064 | D:4      | Noticed a scorpion
  1111 | D:4      | Killed a scorpion
  1112 | D:4      | Reached skill level 3 in Spellcasting
  1112 | D:4      | Reached skill level 1 in Conjurations
  1112 | D:4      | Reached skill level 5 in Earth Magic
  1112 | D:4      | Reached XP level 4. HP: 24/24 MP: 4/8
  1150 | D:4      | Reached XP level 5. HP: 28/28 MP: 5/10
  1225 | D:4      | Reached skill level 2 in Conjurations
  1457 | D:4      | Noticed a black bear
  1480 | D:4      | Killed a black bear
  1481 | D:4      | Reached XP level 6. HP: 27/32 MP: 3/11
  1484 | D:4      | Reached skill level 4 in Spellcasting
  1601 | D:4      | HP: 5/32 [orc/+0 mace (4)]
  1607 | D:4      | Reached skill level 3 in Conjurations
  1770 | D:2      | Reached skill level 6 in Earth Magic
  1937 | D:2      | Found an ancient bone altar of Kikubaaqudgha.
  1940 | D:2      | You pick up a book of Air and begin reading...
  1940 | D:2      | You add the spells Shock, Swiftness and Airstrike to your
                  | library.
  1955 | D:2      | Learned a level 3 spell: Spider Form
  1960 | D:2      | Learned a level 4 spell: Petrify
  2478 | D:3      | Found a faded altar of an unknown god.
  2904 | D:4      | HP: 8/32 [orc wizard/magic dart (5)]
  2907 | D:4      | Reached XP level 7. HP: 5/36 MP: 11/13
  2909 | D:4      | HP: 3/36 [orc/+0 hand axe (3)]
  3166 | D:4      | HP: 1/36 [orc priest/+0 flail (9)]
  3167 | D:4      | Slain by an orc

Vanquished Creatures
  A black bear (D:4)
  A scorpion (D:4)
  A jelly (D:4)
  An iguana (D:4)
  5 orc wizards
  8 adders
  A worm (D:2)
  3 dart slugs
  12 orcs (D:4)
  7 ball pythons
  13 endoplasms
  A giant cockroach (D:2)
  4 goblins
  8 hobgoblins
  8 kobolds
  3 quokkas
  7 bats
  5 frilled lizards
  4 rats (D:3)
93 creatures vanquished.

Table legend:
 A = Non-vault XP
 B = Vault XP
 C = Vault XP percentage of total XP
 D = Non-vault monster count
 E = Vault monster count
 F = Vault count percentage of total count
                 A         B        C        D         E       F
            +---------+---------+-------+---------+---------+-------
      Total |     650 |      79 |  10.8 |      80 |      13 |  14.0
            +---------+---------+-------+---------+---------+-------
        D:1 |      27 |       0 |   0.0 |      15 |       0 |   0.0
        D:2 |      66 |       6 |   8.3 |      17 |       3 |  15.0
        D:3 |      90 |       4 |   4.3 |      20 |       3 |  13.0
        D:4 |     467 |      69 |  12.9 |      28 |       7 |  20.0
            +---------+---------+-------+---------+---------+-------

Illustrated notes

Table legend:
 A = Kills in this place as a percentage of kills in entire the game.
 B = Kills by you in this place as a percentage of kills by you in the entire game.
 C = Kills by friends in this place as a percentage of kills by friends in the entire game.
 D = Other kills in this place as a percentage of other kills in the entire game.
 E = Experience gained in this place as a percentage of experience gained in the entire game.
 F = Experience gained in this place divided by the number of levels of this place that you have seen.
                   A       B       C       D       E      F
               +-------+-------+-------+-------+-------+----------------------
         Total | 100.0 | 100.0 |   N/A |   N/A | 100.0 | 182.2
       Dungeon | 100.0 | 100.0 |   N/A |   N/A | 100.0 | 182.2
               +-------+-------+-------+-------+-------+----------------------

Table legend: (Time is in decaauts)
 A = Elapsed time spent in this place.
 B = Non-inter-level travel time spent in this place.
 C = Inter-level travel time spent in this place.
 D = Time resting spent in this place.
 E = Time spent auto-exploring this place.
 F = Levels seen in this place.
 G = Mean time per level.
                   A        B        C        D        E       F      G
               +--------+--------+--------+--------+--------+-----+--------+
         Total |   3242 |   3200 |     42 |    311 |   2363 |   4 |  810.5 |
       Dungeon |   3242 |   3200 |     42 |    311 |   2363 |   4 |  810.5 |
               +--------+--------+--------+--------+--------+-----+--------+

Top non-repeatable levels by time:
     D:4: 984 daAuts
     D:1: 869 daAuts
     D:2: 770 daAuts
     D:3: 617 daAuts
